Condors vs Thunderbirds
Created - January 8, 2024 at 20:03
Goals
|
| Condors |
1 |
3 |
2 |
6 |
| Thunderbirds |
2 |
0 |
1 |
3 |
|
Shots
|
| Condors |
7 |
14 |
12 |
33 |
| Thunderbirds |
21 |
7 |
10 |
38 |
|
1st period
1. Thunderbirds , Drake Batherson 30 (John Draeger 7) at 2:49
2. Condors , Kailer Yamamoto 14 (Phil McRae 19, Jason Robertson 13) at 9:13 (PP)
3. Thunderbirds , Drake Batherson 31 (Dominik Kahun 33) at 17:20
Penalties :
Viktor Baldayev (Spr) for Roughing (Minor) at 3:31, Kirill Marchenko (Spr) for Tripping (Minor) at 7:57, Nick Shore (Bak) for Hooking (Minor) at 13:49, Zac Leslie (Bak) for Roughing (Minor) at 17:23
2nd period
4. Condors , Phil McRae 12 (Jason Robertson 14, Brett Lernout 10) at 9:04
5. Condors , Phil McRae 13 (Kailer Yamamoto 12, Jason Robertson 15) at 10:37
6. Condors , Adam Erne 27 (Patrik Laine 26, Nick Shore 35) at 15:58
Penalties :
Patrick Brown (Spr) for Hooking (Minor) at 3:12, Roberts Lipsbergs (Spr) for Holding (Minor) at 11:53, Patrik Laine (Bak) for Goalie Interference (Minor) at 18:06
3rd period
7. Condors , Phil McRae 14 (Alexandre Carrier 19, Kailer Yamamoto 13) at 0:34
8. Condors , Phil McRae 15 (Jason Robertson 16, Alexandre Carrier 20) at 11:40 (PP)
9. Thunderbirds , Patrick Brown 8 (Dylan Gambrell 21, Timothy Liljegren 12) at 19:31 (PP)
Penalties :
Timothy Liljegren (Spr) for Hooking (Minor) at 3:54, Anthony Beauvillier (Spr) for Interference (Minor) at 10:18, Kiefer Sherwood (Bak) for Hooking (Minor) at 18:55
Goalie Stats
Garret Sparks (Bak), 35 saves from 38 shots - (0.921), W, 13-12-0, 60:00 minutes
Joseph Woll (Spr), 27 saves from 33 shots - (0.818), L, 3-5-0, 60:00 minutes
Players Stats for Condors
Player Name G A P +/- PIM S H SB GA TA FO MP PP MP PK MP
------------------------------------------------------------------------------------
Adam Erne 1 0 1 0 0 2 0 1 1 1 2/7 22:49 5:17 4:06
Alexander Alexeyev 0 0 0 0 0 0 2 0 0 0 0/0 5:19 0:16 0:00
Alexandre Carrier 0 2 2 2 0 1 0 2 0 0 0/0 24:35 6:54 3:44
Brett Lernout 0 1 1 3 0 2 0 1 1 0 0/0 22:23 6:54 3:44
Cole Fonstad 0 0 0 0 0 0 0 0 0 0 0/0 8:46 0:15 0:00
Connor Hurley 0 0 0 -1 0 2 0 0 0 0 3/5 10:16 0:36 0:00
Gustav Olofsson 0 0 0 -1 0 0 1 0 0 1 0/0 13:42 0:16 2:49
Jason Robertson 0 4 4 3 0 7 1 0 0 1 2/2 17:21 4:08 1:57
Kailer Yamamoto 1 2 3 3 0 1 1 0 0 0 0/0 15:20 4:08 0:00
Kiefer Sherwood 0 0 0 -1 2 2 2 0 0 0 0/0 9:24 0:15 0:00
Nick Shore 0 1 1 0 2 2 1 0 1 1 16/29 22:09 5:26 2:45
Nikolai Knyzhov 0 0 0 -1 0 0 1 0 0 0 0/0 10:34 0:00 0:00
Patrik Laine 0 1 1 0 2 3 0 2 0 0 0/1 19:21 5:26 0:00
Phil McRae 4 1 5 3 0 5 0 0 1 1 12/13 16:57 4:08 1:36
Philippe Myers 0 0 0 1 0 1 1 2 0 0 0/0 19:32 3:24 2:49
Pontus Holmberg 0 0 0 0 0 0 1 0 0 1 0/0 9:12 0:41 0:00
Ryan McLeod 0 0 0 0 0 0 1 0 0 0 0/4 10:33 0:28 1:31
Taro Hirose 0 0 0 -1 0 2 0 0 0 0 0/0 11:15 0:54 1:11
Zac Leslie 0 0 0 0 2 3 0 5 0 0 0/0 23:55 3:24 0:00
Players Stats for Thunderbirds
Player Name G A P +/- PIM S H SB GA TA FO MP PP MP PK MP
------------------------------------------------------------------------------------
Andrei Svechnikov 0 0 0 0 0 5 1 0 1 0 1/1 15:06 3:43 0:21
Anthony Beauvillier 0 0 0 2 2 0 1 4 0 1 0/0 20:30 2:50 4:56
Dominik Kahun 0 1 1 2 0 6 1 0 0 0 15/30 21:18 3:43 2:40
Drake Batherson 2 0 2 2 0 6 0 1 0 0 2/5 16:33 3:43 0:00
Dylan Gambrell 0 1 1 0 0 0 1 0 0 0 3/6 13:47 2:50 0:00
Jake Walman 0 0 0 -2 0 2 0 2 0 0 0/0 16:44 0:00 4:05
John Draeger 0 1 1 0 0 0 0 6 0 1 0/0 19:05 0:00 5:44
Kale Clague 0 0 0 0 0 2 1 1 0 0 0/0 23:10 4:20 5:18
Kirill Marchenko 0 0 0 -1 2 1 1 0 0 0 0/0 6:47 0:00 0:00
Matt Puempel 0 0 0 -3 0 0 0 0 0 0 0/0 12:11 0:00 1:58
Morgan Frost 0 0 0 -1 0 2 0 0 0 1 0/6 8:06 0:00 1:18
Patrick Brown 1 0 1 0 2 4 1 0 1 0 0/0 13:46 2:50 0:00
Radim Simek 0 0 0 0 0 4 1 1 0 1 0/0 25:45 2:13 5:13
Roberts Lipsbergs 0 0 0 -1 2 1 0 0 0 0 1/2 9:30 0:00 2:43
Tanner Laczynski 0 0 0 -3 0 3 2 0 1 0 0/0 14:41 0:00 2:23
Timothy Liljegren 0 1 1 0 2 1 1 3 2 0 0/0 21:15 4:20 0:03
Tyson Jost 0 0 0 -3 0 0 3 1 1 0 4/11 15:02 0:00 4:49
Viktor Baldayev 0 0 0 -2 2 1 4 0 0 0 0/0 16:04 2:13 0:45
3 Stars
1 - Phil McRae (Bak)
2 - Jason Robertson (Bak)
3 - Kailer Yamamoto (Bak)
Power Play
Condors - 2 on 6 Attempt(s) - 33.33%
Thunderbirds - 1 on 4 Attempt(s) - 25.00%
Penalty Kill
Condors - 3 on 4 Attempt(s) - 75.00%
- Score 0 goal in Penalty Kill
Thunderbirds - 4 on 6 Attempt(s) - 66.67%
- Score 0 goal in Penalty Kill
Team Stat
Condors - Hits : 12 - Faceoff Wins : 35 - Blocked Shots : 13 - Penalty Minutes : 8
Thunderbirds - Hits : 18 - Faceoff Wins : 26 - Blocked Shots : 19 - Penalty Minutes : 12
Official
Referees : Brad Meier and Dan O'Rourke
Linesman : Pierre Racicot and Travis Gawryletz
Game Notes
Phil McRae has scored a Hat Trick!
Finance
Level 1 -- Attendance: 1990 (99.50%) -- Ticket Income $139,300
Level 2 -- Attendance: 956 (95.60%) -- Ticket Income $38,240
Total Attendance: 2946 (98.20%)
Total Ticket Income: $177,540
Other Income: $8,877
Total Income: $186,417
Condors
5 vs 5 Forward
Center Left Wing Right Wing Time % Phy DF OF
1 Nick Shore Adam Erne Patrik Laine 40 1 2 2
2 Phil McRae Jason Robertson Kailer Yamamoto 30 1 2 2
3 Connor Hurley Taro Hirose Kiefer Sherwood 20 1 2 2
4 Ryan McLeod Cole Fonstad Pontus Holmberg 10 1 2 2
5 vs 5 Defense
Defense Defense Time % Phy DF OF
1 Alexandre Carrier Zac Leslie 40 1 2 2
2 Philippe Myers Brett Lernout 30 1 2 2
3 Nikolai Knyzhov Gustav Olofsson 20 1 2 2
4 Alexander Alexeyev Zac Leslie 10 1 2 2
PowerPlay Forward
Center Left Wing Right Wing Time % Phy DF OF
1 Nick Shore Adam Erne Patrik Laine 60 1 2 2
2 Phil McRae Jason Robertson Kailer Yamamoto 40 1 2 2
PowerPlay Defense
Defense Defense Time % Phy DF OF
1 Alexandre Carrier Brett Lernout 60 1 2 2
2 Philippe Myers Zac Leslie 40 1 2 2
Penalty Kill 4 Players Forward
Center Wing Time % Phy DF OF
1 Adam Erne Nick Shore 60 1 2 2
2 Phil McRae Jason Robertson 40 1 2 2
Penalty Kill 4 Players Defense
Defense Defense Time % Phy DF OF
1 Brett Lernout Alexandre Carrier 60 1 2 2
2 Philippe Myers Gustav Olofsson 40 1 2 2
Penalty Kill - 3 Players Forward
Forward Time % Phy DF OF
1 Adam Erne 60 1 2 2
2 Nick Shore 40 1 2 2
Penalty Kill - 3 Players Defense
Defense Defense Time % Phy DF OF
1 Brett Lernout Alexandre Carrier 60 1 2 2
2 Philippe Myers Gustav Olofsson 40 1 2 2
4 vs 4 Forward
Center Wing Time % Phy DF OF
1 Adam Erne Nick Shore 60 1 2 2
2 Phil McRae Jason Robertson 40 1 2 2
4 vs 4 Defense
Defense Defense Time % Phy DF OF
1 Philippe Myers Alexandre Carrier 60 1 2 2
2 Brett Lernout Zac Leslie 40 1 2 2
Last Minutes Offensive
Center Left Wing Right Wing Defense Defense
Nick Shore Adam Erne Patrik Laine Brett Lernout Zac Leslie
Last Minutes Defensive
Center Left Wing Right Wing Defense Defense
Nick Shore Adam Erne Patrik Laine Brett Lernout Zac Leslie
Goaltenders
Starting : Garret Sparks
Backup : Stuart Skinner
Extra Forwards
Normal : Taro Hirose, Connor Hurley, Jason Robertson - PP : Taro Hirose, Connor Hurley - PK : Ryan McLeod
Extra Defensemen
Normal : Zac Leslie, Alexander Alexeyev, Gustav Olofsson - PP : Brett Lernout - PK : Philippe Myers, Alexander Alexeyev
Penalty Shots
Adam Erne, Nick Shore, Phil McRae, Jason Robertson, Patrik Laine
Custom OT Lines Forwards
Adam Erne, Nick Shore, Phil McRae, Jason Robertson, Patrik Laine, Kailer Yamamoto, Taro Hirose, Connor Hurley, Ryan McLeod, Pontus Holmberg
Custom OT Lines Defensemen
Brett Lernout, Alexandre Carrier, Philippe Myers, Gustav Olofsson, Alexander Alexeyev
Scratches
Cole Cassels (Healthy), Colin White (Healthy), Semyon Der-Arguchintsev (Healthy), Emil Djuse (Healthy), Jeremy Gregoire (Healthy)
Jordan Subban (Healthy), Robin Salo (Healthy), Filip Kral (Healthy), Remi Elie (Healthy), Filip Johansson (Healthy)
Lucas Johansen (Healthy), C.J. Smith (Healthy), Jack Perbix (Healthy), Jaxson Stauber (Healthy)
Thunderbirds
5 vs 5 Forward
Center Left Wing Right Wing Time % Phy DF OF
1 Dominik Kahun Anthony Beauvillier Drake Batherson 40 0 2 3
2 Dylan Gambrell Andrei Svechnikov Patrick Brown 30 0 2 3
3 Tyson Jost Matt Puempel Tanner Laczynski 20 0 2 3
4 Morgan Frost Roberts Lipsbergs Kirill Marchenko 10 0 2 3
5 vs 5 Defense
Defense Defense Time % Phy DF OF
1 Radim Simek Timothy Liljegren 40 0 2 3
2 John Draeger Kale Clague 30 0 2 3
3 Jake Walman Viktor Baldayev 20 0 2 3
4 Radim Simek Timothy Liljegren 10 0 2 3
PowerPlay Forward
Center Left Wing Right Wing Time % Phy DF OF
1 Dominik Kahun Andrei Svechnikov Drake Batherson 60 0 1 4
2 Dylan Gambrell Anthony Beauvillier Patrick Brown 40 0 1 4
PowerPlay Defense
Defense Defense Time % Phy DF OF
1 Kale Clague Timothy Liljegren 60 0 2 3
2 Radim Simek Viktor Baldayev 40 0 2 3
Penalty Kill 4 Players Forward
Center Wing Time % Phy DF OF
1 Tyson Jost Anthony Beauvillier 60 1 3 1
2 Dominik Kahun Tanner Laczynski 40 1 3 1
Penalty Kill 4 Players Defense
Defense Defense Time % Phy DF OF
1 Radim Simek Jake Walman 60 1 3 1
2 John Draeger Kale Clague 40 1 3 1
Penalty Kill - 3 Players Forward
Forward Time % Phy DF OF
1 Tyson Jost 60 1 3 1
2 Anthony Beauvillier 40 1 3 1
Penalty Kill - 3 Players Defense
Defense Defense Time % Phy DF OF
1 Radim Simek Jake Walman 60 1 4 0
2 John Draeger Kale Clague 40 1 4 0
4 vs 4 Forward
Center Wing Time % Phy DF OF
1 Dominik Kahun Drake Batherson 60 0 2 3
2 Dylan Gambrell Andrei Svechnikov 40 0 2 3
4 vs 4 Defense
Defense Defense Time % Phy DF OF
1 Radim Simek Timothy Liljegren 60 0 2 3
2 John Draeger Kale Clague 40 0 2 3
Last Minutes Offensive
Center Left Wing Right Wing Defense Defense
Dominik Kahun Andrei Svechnikov Drake Batherson Kale Clague Timothy Liljegren
Last Minutes Defensive
Center Left Wing Right Wing Defense Defense
Tyson Jost Roberts Lipsbergs Anthony Beauvillier Radim Simek John Draeger
Goaltenders
Starting : Joseph Woll
Backup : Brandon Halverson
Extra Forwards
Normal : Anthony Beauvillier, Andrei Svechnikov, Drake Batherson - PP : Anthony Beauvillier, Drake Batherson - PK : Roberts Lipsbergs
Extra Defensemen
Normal : Kale Clague, Timothy Liljegren, Radim Simek - PP : Jake Walman - PK : John Draeger, Radim Simek
Penalty Shots
Andrei Svechnikov, Anthony Beauvillier, Tanner Laczynski, Patrick Brown, Drake Batherson
Custom OT Lines Forwards
Anthony Beauvillier, Drake Batherson, Tanner Laczynski, Andrei Svechnikov, Dominik Kahun, Dylan Gambrell, Tyson Jost, Morgan Frost, Patrick Brown, Matt Puempel
Custom OT Lines Defensemen
Radim Simek, John Draeger, Kale Clague, Jake Walman, Timothy Liljegren
Scratches
Austin Poganski (Healthy), Mitchell Heard (Healthy), Nicklas Jensen (Healthy), Jared McIsaac (Strained Groin Injury), Artur Kayumov (Healthy)
Ivan Prosvetov (Healthy), Jakub Skarek (Healthy)
% Time on Ice - Condors
Lines # - Real PCT - Wanted PCT - Time Play
Normal Forward
1 - 33% - 40% - 13:59
2 - 26% - 30% - 11:13
3 - 21% - 20% - 9:10
4 - 20% - 10% - 8:31
Normal Defense
1 - 33% - 40% - 13:57
2 - 31% - 30% - 13:19
3 - 25% - 20% - 10:34
4 - 12% - 10% - 5:03
PP Forward
1 - 61% - 60% - 6:26
2 - 39% - 40% - 4:08
PP Defense
1 - 68% - 60% - 7:10
2 - 32% - 40% - 3:24
PK Forward
1 - 76% - 60% - 4:57
2 - 24% - 40% - 1:36
PK Defense
1 - 57% - 60% - 3:44
2 - 43% - 40% - 2:49
PK3 Forward
1 - 0% - 60%
2 - 0% - 40%
PK3 Defense
1 - 0% - 60%
2 - 0% - 40%
44 Forward
1 - 0% - 60%
2 - 0% - 40%
44 Defense
1 - 0% - 60%
2 - 0% - 40%
Last Minute Offensive - 0:00
Last Minute Defensive - 0:00
Total
Forward - 60:00
Defense - 60:00
|
% Time on Ice - Thunderbirds
Lines # - Real PCT - Wanted PCT - Time Play
Normal Forward
1 - 30% - 40% - 12:50
2 - 30% - 30% - 13:02
3 - 24% - 20% - 10:13
4 - 16% - 10% - 6:48
Normal Defense
1 - 40% - 40% - 17:20
2 - 31% - 30% - 13:20
3 - 25% - 20% - 10:34
4 - 4% - 10% - 1:39
PP Forward
1 - 57% - 60% - 3:43
2 - 43% - 40% - 2:50
PP Defense
1 - 66% - 60% - 4:20
2 - 34% - 40% - 2:13
PK Forward
1 - 77% - 60% - 8:11
2 - 23% - 40% - 2:23
PK Defense
1 - 50% - 60% - 5:16
2 - 50% - 40% - 5:18
PK3 Forward
1 - 0% - 60%
2 - 0% - 40%
PK3 Defense
1 - 0% - 60%
2 - 0% - 40%
44 Forward
1 - 0% - 60%
2 - 0% - 40%
44 Defense
1 - 0% - 60%
2 - 0% - 40%
Last Minute Offensive - 0:00
Last Minute Defensive - 0:00
Total
Forward - 60:00
Defense - 60:00
|
Play-by-Play
1st period
0:01 of 1st period - Dominik Kahun wins face-off versus Nick Shore in neutral zone.
0:26 of 1st period - Zac Leslie is hit by Radim Simek and loses puck.
0:40 of 1st period - Wrist shot by Nick Shore.
0:40 of 1st period - Shot Misses the Net.
0:42 of 1st period - Slapshot by Philippe Myers.
0:42 of 1st period - Shot Misses the Net.
0:44 of 1st period - Wrist shot by Adam Erne.
0:44 of 1st period - Shot Misses the Net.
1:14 of 1st period - Snap shot by Adam Erne.
1:14 of 1st period - Shot Blocked by Timothy Liljegren.
1:22 of 1st period - Backhand shot by Patrik Laine.
1:22 of 1st period - Shot Misses the Net.
1:24 of 1st period - Snap shot by Zac Leslie.
1:24 of 1st period - Shot Blocked by Radim Simek.
1:30 of 1st period - Wrist shot by Adam Erne.
1:30 of 1st period - Shot Blocked by Timothy Liljegren.
1:38 of 1st period - Wrist shot by Nick Shore.
1:38 of 1st period - Shot Blocked by Timothy Liljegren.
1:54 of 1st period - Snap shot by Adam Erne.
1:54 of 1st period - Shot Blocked by Tyson Jost.
2:00 of 1st period - Slapshot by Timothy Liljegren.
2:00 of 1st period - Shot Misses the Net.
2:02 of 1st period - Snap shot by Radim Simek.
2:02 of 1st period - Shot Misses the Net.
2:04 of 1st period - Snap shot by Radim Simek.
2:04 of 1st period - Shot Blocked by Alexandre Carrier.
2:06 of 1st period - Slapshot by Radim Simek.
2:06 of 1st period - Shot Blocked by Zac Leslie.
2:08 of 1st period - Snap shot by Tyson Jost.
2:08 of 1st period - Shot Misses the Net.
2:16 of 1st period - Snap shot by Tanner Laczynski.
2:16 of 1st period - Shot Misses the Net.
2:18 of 1st period - Snap shot by Tanner Laczynski.
2:18 of 1st period - Deflect By Matt Puempel.
2:18 of 1st period - Shot Blocked by Zac Leslie.
2:18 of 1st period - Puck is out of play.
2:19 of 1st period - Dylan Gambrell wins face-off versus Phil McRae in Condors zone.
2:34 of 1st period - Wrist shot by Andrei Svechnikov.
2:34 of 1st period - Stopped by Garret Sparks with a rebound.
2:49 of 1st period - Slapshot by Drake Batherson.
2:49 of 1st period - Goal by Drake Batherson - Condors : 0 - Thunderbirds : 1.
2:50 of 1st period - Phil McRae wins face-off versus Dominik Kahun in neutral zone.
3:00 of 1st period - Snap shot by Kailer Yamamoto.
3:00 of 1st period - Shot Blocked by Anthony Beauvillier.
3:02 of 1st period - Snap shot by Zac Leslie.
3:02 of 1st period - Stopped by Joseph Woll with a rebound.
3:31 of 1st period - Minor Penalty to Viktor Baldayev for Roughing.
3:32 of 1st period - Phil McRae wins face-off versus Tyson Jost in Thunderbirds zone.
3:37 of 1st period - Wrist shot by Jason Robertson.
3:37 of 1st period - Shot Misses the Net.
4:14 of 1st period - Snap shot by Dominik Kahun.
4:14 of 1st period - Stopped by Garret Sparks without a rebound.
4:15 of 1st period - Dominik Kahun wins face-off versus Nick Shore in Condors zone.
5:31 of 1st period - Penalty to Viktor Baldayev is over, Viktor Baldayev is back on ice.
5:39 of 1st period - Wrist shot by Tanner Laczynski.
5:39 of 1st period - Stopped by Garret Sparks with a rebound.
5:41 of 1st period - Wrist shot by Tanner Laczynski.
5:41 of 1st period - Deflect By Dominik Kahun.
5:41 of 1st period - Stopped by Garret Sparks with a rebound.
5:43 of 1st period - Slapshot by Radim Simek.
5:43 of 1st period - Shot Misses the Net.
5:49 of 1st period - Backhand shot by Dominik Kahun.
5:49 of 1st period - Shot Misses the Net.
5:51 of 1st period - Snap shot by Dominik Kahun.
5:51 of 1st period - Shot Misses the Net.
5:53 of 1st period - Slapshot by Jake Walman.
5:53 of 1st period - Shot Misses the Net.
5:55 of 1st period - Wrist shot by Tanner Laczynski.
5:55 of 1st period - Stopped by Garret Sparks with a rebound.
6:05 of 1st period - Snap shot by Tanner Laczynski.
6:05 of 1st period - Shot Misses the Net.
6:35 of 1st period - Slapshot by Philippe Myers.
6:35 of 1st period - Shot Blocked by Jake Walman.
6:41 of 1st period - Snap shot by Tanner Laczynski.
6:41 of 1st period - Shot Blocked by Zac Leslie.
7:15 of 1st period - Slapshot by Tanner Laczynski.
7:15 of 1st period - Shot Blocked by Philippe Myers.
7:17 of 1st period - Slapshot by Jake Walman.
7:17 of 1st period - Stopped by Garret Sparks with a rebound.
7:19 of 1st period - Slapshot by Radim Simek.
7:19 of 1st period - Stopped by Garret Sparks with a rebound.
7:21 of 1st period - Wrist shot by Viktor Baldayev.
7:21 of 1st period - Stopped by Garret Sparks with a rebound.
7:25 of 1st period - Snap shot by Dominik Kahun.
7:25 of 1st period - Shot Blocked by Zac Leslie.
7:33 of 1st period - Snap shot by Tanner Laczynski.
7:33 of 1st period - Shot Blocked by Zac Leslie.
7:35 of 1st period - Slapshot by Radim Simek.
7:35 of 1st period - Stopped by Garret Sparks without a rebound.
7:36 of 1st period - Phil McRae wins face-off versus Morgan Frost in Condors zone.
7:45 of 1st period - Snap shot by Jason Robertson.
7:45 of 1st period - Stopped by Joseph Woll with a rebound.
7:47 of 1st period - Snap shot by Kailer Yamamoto.
7:47 of 1st period - Shot Blocked by John Draeger.
7:57 of 1st period - Minor Penalty to Kirill Marchenko for Tripping.
7:58 of 1st period - Nick Shore wins face-off versus Tyson Jost in Thunderbirds zone.
8:07 of 1st period - Wrist shot by Nick Shore.
8:07 of 1st period - Deflect By Patrik Laine.
8:07 of 1st period - Shot Blocked by Anthony Beauvillier.
8:07 of 1st period - Puck is out of play.
8:08 of 1st period - Tyson Jost wins face-off versus Nick Shore in Thunderbirds zone.
8:31 of 1st period - Snap shot by Patrik Laine.
8:31 of 1st period - Shot Blocked by John Draeger.
8:52 of 1st period - Wrist shot by Nick Shore.
8:52 of 1st period - Shot Blocked by John Draeger.
9:13 of 1st period - Snap shot by Phil McRae.
9:13 of 1st period - Deflect By Kailer Yamamoto.
9:13 of 1st period - Goal by Kailer Yamamoto - Condors : 1 - Thunderbirds : 1.
9:14 of 1st period - Phil McRae wins face-off versus Morgan Frost in neutral zone.
9:18 of 1st period - Wrist shot by Zac Leslie.
9:18 of 1st period - Deflect By Jason Robertson.
9:18 of 1st period - Stopped by Joseph Woll without a rebound.
9:19 of 1st period - Phil McRae wins face-off versus Morgan Frost in Thunderbirds zone.
9:20 of 1st period - Wrist shot by Jason Robertson.
9:20 of 1st period - Stopped by Joseph Woll without a rebound.
9:21 of 1st period - Phil McRae wins face-off versus Morgan Frost in Thunderbirds zone.
9:47 of 1st period - Wrist shot by Kirill Marchenko.
9:47 of 1st period - Stopped by Garret Sparks with a rebound.
9:49 of 1st period - Slapshot by Anthony Beauvillier.
9:49 of 1st period - Shot Misses the Net.
9:51 of 1st period - Snap shot by Radim Simek.
9:51 of 1st period - Stopped by Garret Sparks with a rebound.
9:53 of 1st period - Snap shot by Dominik Kahun.
9:53 of 1st period - Shot Misses the Net.
10:21 of 1st period - Wrist shot by Kiefer Sherwood.
10:21 of 1st period - Shot Misses the Net.
10:47 of 1st period - Slapshot by Jason Robertson.
10:47 of 1st period - Stopped by Joseph Woll with a rebound.
10:59 of 1st period - Viktor Baldayev is hit by Nikolai Knyzhov.
11:17 of 1st period - Gustav Olofsson is hit by Viktor Baldayev and loses puck.
11:26 of 1st period - Wrist shot by Roberts Lipsbergs.
11:26 of 1st period - Stopped by Garret Sparks without a rebound.
11:27 of 1st period - Nick Shore wins face-off versus Drake Batherson in Condors zone.
11:52 of 1st period - Slapshot by Jason Robertson.
11:52 of 1st period - Shot Misses the Net.
11:58 of 1st period - Zac Leslie is hit by Patrick Brown and loses puck.
12:29 of 1st period - John Draeger is hit by Alexander Alexeyev and loses puck.
12:50 of 1st period - John Draeger is hit by Alexander Alexeyev.
12:59 of 1st period - Icing by Zac Leslie.
13:00 of 1st period - Tyson Jost wins face-off versus Nick Shore in Condors zone.
13:05 of 1st period - Slapshot by Andrei Svechnikov.
13:05 of 1st period - Stopped by Garret Sparks with a rebound.
13:11 of 1st period - Wrist shot by Nick Shore.
13:11 of 1st period - Stopped by Joseph Woll with a rebound.
13:13 of 1st period - Snap shot by Adam Erne.
13:13 of 1st period - Deflect By Patrik Laine.
13:13 of 1st period - Shot Misses the Net.
13:13 of 1st period - Puck is out of play.
13:14 of 1st period - Phil McRae wins face-off versus Dominik Kahun in Thunderbirds zone.
13:25 of 1st period - Wrist shot by Drake Batherson.
13:25 of 1st period - Stopped by Garret Sparks without a rebound.
13:26 of 1st period - Dominik Kahun wins face-off versus Nick Shore in Condors zone.
13:31 of 1st period - Snap shot by Drake Batherson.
13:31 of 1st period - Shot Blocked by Adam Erne.
13:33 of 1st period - Slapshot by Kale Clague.
13:33 of 1st period - Stopped by Garret Sparks with a rebound.
13:49 of 1st period - Minor Penalty to Nick Shore for Hooking.
13:50 of 1st period - Dominik Kahun wins face-off versus Ryan McLeod in Condors zone.
13:57 of 1st period - Wrist shot by Dominik Kahun.
13:57 of 1st period - Deflect By Andrei Svechnikov.
13:57 of 1st period - Stopped by Garret Sparks without a rebound.
13:58 of 1st period - Dominik Kahun wins face-off versus Adam Erne in Condors zone.
14:55 of 1st period - Wrist shot by Dominik Kahun.
14:55 of 1st period - Stopped by Garret Sparks without a rebound.
14:56 of 1st period - Dylan Gambrell wins face-off versus Ryan McLeod in Condors zone.
15:49 of 1st period - Penalty to Nick Shore is over, Nick Shore is back on ice.
16:26 of 1st period - Icing by Roberts Lipsbergs.
16:27 of 1st period - Phil McRae wins face-off versus Roberts Lipsbergs in Thunderbirds zone.
16:28 of 1st period - Wrist shot by Jason Robertson.
16:28 of 1st period - Shot Misses the Net.
17:14 of 1st period - Snap shot by Dominik Kahun.
17:14 of 1st period - Stopped by Garret Sparks without a rebound.
17:15 of 1st period - Dominik Kahun wins face-off versus Patrik Laine in Condors zone.
17:20 of 1st period - Snap shot by Drake Batherson.
17:20 of 1st period - Deflect By Nick Shore.
17:20 of 1st period - Goal by Drake Batherson - Condors : 1 - Thunderbirds : 2.
17:21 of 1st period - Jason Robertson wins face-off versus Dominik Kahun in neutral zone.
17:23 of 1st period - Minor Penalty to Zac Leslie for Roughing.
17:24 of 1st period - Adam Erne wins face-off versus Dominik Kahun in Condors zone.
17:34 of 1st period - Snap shot by Drake Batherson.
17:34 of 1st period - Stopped by Garret Sparks without a rebound.
17:35 of 1st period - Drake Batherson wins face-off versus Adam Erne in Condors zone.
17:36 of 1st period - Wrist shot by Dominik Kahun.
17:36 of 1st period - Shot Misses the Net.
17:38 of 1st period - Snap shot by Drake Batherson.
17:38 of 1st period - Shot Misses the Net.
17:40 of 1st period - Slapshot by Timothy Liljegren.
17:40 of 1st period - Shot Misses the Net.
18:46 of 1st period - Slapshot by Andrei Svechnikov.
18:46 of 1st period - Deflect By Philippe Myers.
18:46 of 1st period - Shot Misses the Net.
18:46 of 1st period - Puck is out of play.
18:47 of 1st period - Dominik Kahun wins face-off versus Adam Erne in Condors zone.
19:23 of 1st period - Penalty to Zac Leslie is over, Zac Leslie is back on ice.
19:56 of 1st period - Kale Clague is hit by Gustav Olofsson and loses puck.
Goals for this period are 1 for Condors vs 2 for Thunderbirds.
Shots for this period are 7 for Condors vs 21 for Thunderbirds.
2nd period
0:01 of 2nd period - Dominik Kahun wins face-off versus Nick Shore in neutral zone.
0:08 of 2nd period - Snap shot by Dominik Kahun.
0:08 of 2nd period - Shot Misses the Net.
0:10 of 2nd period - Snap shot by Anthony Beauvillier.
0:10 of 2nd period - Shot Misses the Net.
0:12 of 2nd period - Snap shot by Anthony Beauvillier.
0:12 of 2nd period - Shot Hit the Post.
0:14 of 2nd period - Snap shot by Anthony Beauvillier.
0:14 of 2nd period - Shot Blocked by Patrik Laine.
0:16 of 2nd period - Snap shot by Dominik Kahun.
0:16 of 2nd period - Stopped by Garret Sparks with a rebound.
0:38 of 2nd period - Snap shot by Phil McRae.
0:38 of 2nd period - Shot Misses the Net.
0:49 of 2nd period - Slapshot by Radim Simek.
0:49 of 2nd period - Stopped by Garret Sparks without a rebound.
0:50 of 2nd period - Connor Hurley wins face-off versus Tyson Jost in Condors zone.
0:59 of 2nd period - Slapshot by Taro Hirose.
0:59 of 2nd period - Stopped by Joseph Woll with a rebound.
1:09 of 2nd period - Brett Lernout is hit by Tyson Jost.
1:10 of 2nd period - Icing by Brett Lernout.
1:11 of 2nd period - Connor Hurley wins face-off versus Dominik Kahun in Condors zone.
1:16 of 2nd period - Slapshot by Brett Lernout.
1:16 of 2nd period - Shot Misses the Net.
2:29 of 2nd period - Snap shot by Matt Puempel.
2:29 of 2nd period - Shot Blocked by Philippe Myers.
2:41 of 2nd period - Snap shot by Patrik Laine.
2:41 of 2nd period - Shot Misses the Net.
2:43 of 2nd period - Slapshot by Philippe Myers.
2:43 of 2nd period - Shot Misses the Net.
2:45 of 2nd period - Slapshot by Philippe Myers.
2:45 of 2nd period - Deflect By Adam Erne.
2:45 of 2nd period - Shot Blocked by John Draeger.
2:45 of 2nd period - Puck is out of play.
2:46 of 2nd period - Drake Batherson wins face-off versus Nick Shore in Thunderbirds zone.
2:55 of 2nd period - Wrist shot by Nick Shore.
2:55 of 2nd period - Shot Misses the Net.
2:57 of 2nd period - Wrist shot by Adam Erne.
2:57 of 2nd period - Shot Blocked by John Draeger.
2:59 of 2nd period - Wrist shot by Patrik Laine.
2:59 of 2nd period - Shot Misses the Net.
3:01 of 2nd period - Slapshot by Adam Erne.
3:01 of 2nd period - Shot Misses the Net.
3:03 of 2nd period - Slapshot by Zac Leslie.
3:03 of 2nd period - Shot Misses the Net.
3:05 of 2nd period - Snap shot by Patrik Laine.
3:05 of 2nd period - Deflect By Anthony Beauvillier.
3:05 of 2nd period - Stopped by Joseph Woll without a rebound.
3:06 of 2nd period - Phil McRae wins face-off versus Dylan Gambrell in Thunderbirds zone.
3:12 of 2nd period - Minor Penalty to Patrick Brown for Hooking.
3:13 of 2nd period - Nick Shore wins face-off versus Tyson Jost in Thunderbirds zone.
3:15 of 2nd period - Wrist shot by Nick Shore.
3:15 of 2nd period - Shot Blocked by Jake Walman.
3:17 of 2nd period - Slapshot by Brett Lernout.
3:17 of 2nd period - Stopped by Joseph Woll without a rebound.
3:18 of 2nd period - Nick Shore wins face-off versus Tyson Jost in Thunderbirds zone.
5:12 of 2nd period - Penalty to Patrick Brown is over, Patrick Brown is back on ice.
5:47 of 2nd period - Off-side.
5:48 of 2nd period - Dylan Gambrell wins face-off versus Ryan McLeod in neutral zone.
5:51 of 2nd period - Zac Leslie is hit by Viktor Baldayev and loses puck.
6:04 of 2nd period - Zac Leslie is hit by Dylan Gambrell and loses puck.
6:09 of 2nd period - Snap shot by Andrei Svechnikov.
6:09 of 2nd period - Shot Misses the Net.
6:19 of 2nd period - Slapshot by Patrick Brown.
6:19 of 2nd period - Stopped by Garret Sparks with a rebound.
7:39 of 2nd period - Snap shot by Patrick Brown.
7:39 of 2nd period - Stopped by Garret Sparks with a rebound.
8:22 of 2nd period - Snap shot by Patrick Brown.
8:22 of 2nd period - Shot Misses the Net.
8:28 of 2nd period - Slapshot by Zac Leslie.
8:28 of 2nd period - Stopped by Joseph Woll without a rebound.
8:29 of 2nd period - Nick Shore wins face-off versus Dominik Kahun in Thunderbirds zone.
8:30 of 2nd period - Snap shot by Patrik Laine.
8:30 of 2nd period - Stopped by Joseph Woll with a rebound.
9:00 of 2nd period - Slapshot by Brett Lernout.
9:00 of 2nd period - Stopped by Joseph Woll with a rebound.
9:02 of 2nd period - Wrist shot by Jason Robertson.
9:02 of 2nd period - Stopped by Joseph Woll with a rebound.
9:04 of 2nd period - Snap shot by Phil McRae.
9:04 of 2nd period - Goal by Phil McRae - Condors : 2 - Thunderbirds : 2.
9:05 of 2nd period - Nick Shore wins face-off versus Dominik Kahun in neutral zone.
9:30 of 2nd period - Brett Lernout is hit by Kale Clague and loses puck.
10:25 of 2nd period - Wrist shot by Phil McRae.
10:25 of 2nd period - Stopped by Joseph Woll without a rebound.
10:26 of 2nd period - Phil McRae wins face-off versus Tyson Jost in Thunderbirds zone.
10:37 of 2nd period - Wrist shot by Phil McRae.
10:37 of 2nd period - Goal by Phil McRae - Condors : 3 - Thunderbirds : 2.
10:38 of 2nd period - Dominik Kahun wins face-off versus Nick Shore in neutral zone.
11:07 of 2nd period - Wrist shot by Morgan Frost.
11:07 of 2nd period - Stopped by Garret Sparks without a rebound.
11:08 of 2nd period - Jason Robertson wins face-off versus Morgan Frost in Condors zone.
11:53 of 2nd period - Minor Penalty to Roberts Lipsbergs for Holding.
11:54 of 2nd period - Tyson Jost wins face-off versus Nick Shore in Thunderbirds zone.
13:53 of 2nd period - Penalty to Roberts Lipsbergs is over, Roberts Lipsbergs is back on ice.
14:34 of 2nd period - Andrei Svechnikov is hit by Pontus Holmberg.
14:38 of 2nd period - Gustav Olofsson is hit by Andrei Svechnikov and loses puck.
15:03 of 2nd period - Patrik Laine is hit by Tanner Laczynski and loses puck.
15:34 of 2nd period - Timothy Liljegren is hit by Kiefer Sherwood and loses puck.
15:47 of 2nd period - Slapshot by Zac Leslie.
15:47 of 2nd period - Shot Misses the Net.
15:54 of 2nd period - Icing by Kirill Marchenko.
15:55 of 2nd period - Nick Shore wins face-off versus Morgan Frost in Thunderbirds zone.
15:56 of 2nd period - Snap shot by Patrik Laine.
15:56 of 2nd period - Stopped by Joseph Woll with a rebound.
15:58 of 2nd period - Snap shot by Adam Erne.
15:58 of 2nd period - Goal by Adam Erne - Condors : 4 - Thunderbirds : 2.
15:59 of 2nd period - Nick Shore wins face-off versus Dominik Kahun in neutral zone.
16:33 of 2nd period - Slapshot by Zac Leslie.
16:33 of 2nd period - Stopped by Joseph Woll without a rebound.
16:34 of 2nd period - Nick Shore wins face-off versus Dominik Kahun in Thunderbirds zone.
16:47 of 2nd period - Snap shot by Drake Batherson.
16:47 of 2nd period - Stopped by Garret Sparks without a rebound.
16:48 of 2nd period - Nick Shore wins face-off versus Dominik Kahun in Condors zone.
17:13 of 2nd period - Matt Puempel is hit by Jason Robertson and loses puck.
17:18 of 2nd period - Snap shot by Kailer Yamamoto.
17:18 of 2nd period - Shot Misses the Net.
17:36 of 2nd period - Backhand shot by Andrei Svechnikov.
17:36 of 2nd period - Shot Misses the Net.
17:38 of 2nd period - Slapshot by Patrick Brown.
17:38 of 2nd period - Stopped by Garret Sparks with a rebound.
17:40 of 2nd period - Slapshot by John Draeger.
17:40 of 2nd period - Shot Misses the Net.
17:56 of 2nd period - Wrist shot by Taro Hirose.
17:56 of 2nd period - Stopped by Joseph Woll with a rebound.
18:06 of 2nd period - Minor Penalty to Patrik Laine for Goalie Interference.
18:07 of 2nd period - Dominik Kahun wins face-off versus Adam Erne in Condors zone.
19:58 of 2nd period - Alexandre Carrier is hit by Anthony Beauvillier and loses puck.
Goals for this period are 3 for Condors vs 0 for Thunderbirds.
Shots for this period are 14 for Condors vs 7 for Thunderbirds.
3rd period
0:01 of 3rd period - Dominik Kahun wins face-off versus Adam Erne in neutral zone.
0:06 of 3rd period - Penalty to Patrik Laine is over, Patrik Laine is back on ice.
0:06 of 3rd period - Backhand shot by Drake Batherson.
0:06 of 3rd period - Shot Blocked by Alexandre Carrier.
0:08 of 3rd period - Backhand shot by Kale Clague.
0:08 of 3rd period - Stopped by Garret Sparks with a rebound.
0:10 of 3rd period - Snap shot by Drake Batherson.
0:10 of 3rd period - Shot Blocked by Patrik Laine.
0:12 of 3rd period - Snap shot by Drake Batherson.
0:12 of 3rd period - Stopped by Garret Sparks with a rebound.
0:14 of 3rd period - Backhand shot by Andrei Svechnikov.
0:14 of 3rd period - Stopped by Garret Sparks with a rebound.
0:34 of 3rd period - Wrist shot by Phil McRae.
0:34 of 3rd period - Goal by Phil McRae - Condors : 5 - Thunderbirds : 2.
0:35 of 3rd period - Nick Shore wins face-off versus Dominik Kahun in neutral zone.
0:38 of 3rd period - Anthony Beauvillier is hit by Nick Shore and loses puck.
0:43 of 3rd period - Backhand shot by Patrik Laine.
0:43 of 3rd period - Shot Blocked by Anthony Beauvillier.
0:45 of 3rd period - Snap shot by Zac Leslie.
0:45 of 3rd period - Shot Blocked by Drake Batherson.
1:07 of 3rd period - Snap shot by Andrei Svechnikov.
1:07 of 3rd period - Shot Misses the Net.
1:09 of 3rd period - Slapshot by Timothy Liljegren.
1:09 of 3rd period - Stopped by Garret Sparks with a rebound.
1:11 of 3rd period - Wrist shot by Andrei Svechnikov.
1:11 of 3rd period - Stopped by Garret Sparks without a rebound.
1:12 of 3rd period - Phil McRae wins face-off versus Drake Batherson in Condors zone.
2:02 of 3rd period - Gustav Olofsson is hit by Tanner Laczynski and loses puck.
3:10 of 3rd period - Wrist shot by Jason Robertson.
3:10 of 3rd period - Stopped by Joseph Woll with a rebound.
3:30 of 3rd period - Wrist shot by Tanner Laczynski.
3:30 of 3rd period - Stopped by Garret Sparks with a rebound.
3:32 of 3rd period - Slapshot by Jake Walman.
3:32 of 3rd period - Stopped by Garret Sparks without a rebound.
3:33 of 3rd period - Nick Shore wins face-off versus Dominik Kahun in Condors zone.
3:33 of 3rd period - Nick Shore is hit by Timothy Liljegren.
3:54 of 3rd period - Minor Penalty to Timothy Liljegren for Hooking.
3:55 of 3rd period - Roberts Lipsbergs wins face-off versus Nick Shore in Thunderbirds zone.
4:10 of 3rd period - Backhand shot by Brett Lernout.
4:10 of 3rd period - Shot Blocked by John Draeger.
5:12 of 3rd period - Nick Shore is hit by Viktor Baldayev and loses puck.
5:43 of 3rd period - Viktor Baldayev is hit by Ryan McLeod and loses puck.
5:54 of 3rd period - Penalty to Timothy Liljegren is over, Timothy Liljegren is back on ice.
6:00 of 3rd period - Andrei Svechnikov is hit by Philippe Myers and loses puck.
6:10 of 3rd period - Off-side.
6:11 of 3rd period - Dominik Kahun wins face-off versus Ryan McLeod in neutral zone.
6:54 of 3rd period - Zac Leslie is hit by Kirill Marchenko and loses puck.
7:03 of 3rd period - Snap shot by Morgan Frost.
7:03 of 3rd period - Stopped by Garret Sparks with a rebound.
7:33 of 3rd period - Snap shot by Jason Robertson.
7:33 of 3rd period - Shot Misses the Net.
7:39 of 3rd period - Nikolai Knyzhov is hit by Viktor Baldayev and loses puck.
7:57 of 3rd period - Connor Hurley is hit by Tyson Jost.
8:14 of 3rd period - Icing by Patrik Laine.
8:15 of 3rd period - Nick Shore wins face-off versus Drake Batherson in Condors zone.
8:59 of 3rd period - Connor Hurley is hit by Tyson Jost and loses puck.
9:40 of 3rd period - Slapshot by Adam Erne.
9:40 of 3rd period - Stopped by Joseph Woll without a rebound.
9:41 of 3rd period - Nick Shore wins face-off versus Dylan Gambrell in Thunderbirds zone.
10:08 of 3rd period - Slapshot by Kailer Yamamoto.
10:08 of 3rd period - Shot Blocked by Anthony Beauvillier.
10:10 of 3rd period - Wrist shot by Jason Robertson.
10:10 of 3rd period - Stopped by Joseph Woll without a rebound.
10:11 of 3rd period - Phil McRae wins face-off versus Dominik Kahun in Thunderbirds zone.
10:16 of 3rd period - Snap shot by Jason Robertson.
10:16 of 3rd period - Shot Misses the Net.
10:18 of 3rd period - Minor Penalty to Anthony Beauvillier for Interference.
10:19 of 3rd period - Nick Shore wins face-off versus Tyson Jost in Thunderbirds zone.
10:20 of 3rd period - Snap shot by Adam Erne.
10:20 of 3rd period - Shot Misses the Net.
10:22 of 3rd period - Snap shot by Nick Shore.
10:22 of 3rd period - Deflect By Patrik Laine.
10:22 of 3rd period - Shot Misses the Net.
10:22 of 3rd period - Puck is out of play.
10:23 of 3rd period - Tyson Jost wins face-off versus Nick Shore in Thunderbirds zone.
10:38 of 3rd period - Wrist shot by Nick Shore.
10:38 of 3rd period - Stopped by Joseph Woll with a rebound.
10:52 of 3rd period - Snap shot by Alexandre Carrier.
10:52 of 3rd period - Stopped by Joseph Woll with a rebound.
11:06 of 3rd period - Brett Lernout is hit by Dominik Kahun and loses puck.
11:31 of 3rd period - Roberts Lipsbergs is hit by Kailer Yamamoto and loses puck.
11:38 of 3rd period - Backhand shot by Phil McRae.
11:38 of 3rd period - Shot Misses the Net.
11:40 of 3rd period - Snap shot by Phil McRae.
11:40 of 3rd period - Goal by Phil McRae - Condors : 6 - Thunderbirds : 2.
11:41 of 3rd period - Dominik Kahun wins face-off versus Nick Shore in neutral zone.
12:05 of 3rd period - Icing by Gustav Olofsson.
12:06 of 3rd period - Andrei Svechnikov wins face-off versus Connor Hurley in Condors zone.
12:57 of 3rd period - Wrist shot by Kailer Yamamoto.
12:57 of 3rd period - Shot Misses the Net.
13:55 of 3rd period - Roberts Lipsbergs is hit by Kiefer Sherwood and loses puck.
14:04 of 3rd period - Snap shot by Taro Hirose.
14:04 of 3rd period - Shot Misses the Net.
14:06 of 3rd period - Snap shot by Kiefer Sherwood.
14:06 of 3rd period - Stopped by Joseph Woll with a rebound.
14:22 of 3rd period - Slapshot by Viktor Baldayev.
14:22 of 3rd period - Shot Misses the Net.
15:34 of 3rd period - Wrist shot by Matt Puempel.
15:34 of 3rd period - Shot Blocked by Brett Lernout.
15:54 of 3rd period - Wrist shot by Connor Hurley.
15:54 of 3rd period - Stopped by Joseph Woll with a rebound.
15:56 of 3rd period - Slapshot by Brett Lernout.
15:56 of 3rd period - Deflect By Taro Hirose.
15:56 of 3rd period - Shot Blocked by Kale Clague.
15:56 of 3rd period - Puck is out of play.
15:57 of 3rd period - Connor Hurley wins face-off versus Dylan Gambrell in Thunderbirds zone.
16:00 of 3rd period - Slapshot by Connor Hurley.
16:00 of 3rd period - Stopped by Joseph Woll with a rebound.
16:02 of 3rd period - Wrist shot by Connor Hurley.
16:02 of 3rd period - Shot Misses the Net.
16:04 of 3rd period - Wrist shot by Philippe Myers.
16:04 of 3rd period - Stopped by Joseph Woll with a rebound.
16:06 of 3rd period - Slapshot by Kiefer Sherwood.
16:06 of 3rd period - Stopped by Joseph Woll with a rebound.
16:08 of 3rd period - Wrist shot by Connor Hurley.
16:08 of 3rd period - Deflect By Kiefer Sherwood.
16:08 of 3rd period - Shot Misses the Net.
16:08 of 3rd period - Puck is out of play.
16:09 of 3rd period - Nick Shore wins face-off versus Dominik Kahun in Thunderbirds zone.
16:26 of 3rd period - Snap shot by Dominik Kahun.
16:26 of 3rd period - Stopped by Garret Sparks with a rebound.
18:39 of 3rd period - Off-side.
18:40 of 3rd period - Dominik Kahun wins face-off versus Connor Hurley in neutral zone.
18:53 of 3rd period - Snap shot by Drake Batherson.
18:53 of 3rd period - Shot Hit the Post.
18:55 of 3rd period - Minor Penalty to Kiefer Sherwood for Hooking.
18:56 of 3rd period - Adam Erne wins face-off versus Dominik Kahun in Condors zone.
19:31 of 3rd period - Snap shot by Patrick Brown.
19:31 of 3rd period - Goal by Patrick Brown - Condors : 6 - Thunderbirds : 3.
19:32 of 3rd period - Dominik Kahun wins face-off versus Nick Shore in neutral zone.
Goals for this period are 2 for Condors vs 1 for Thunderbirds.
Shots for this period are 12 for Condors vs 10 for Thunderbirds.